 Dungeon Crawl Stone Soup version 0.28.0-53-g5a82cb258f (webtiles) character file.

Game seed: 15304777765332701318

836 Descartes the Charlatan (level 7, -1/41 HPs)
             Began as an Octopode Wanderer on May 21, 2022.
             Was an Initiate of Gozag.
             Slain by Duvessa
             ... wielding a +1 short sword of venom
              (9 damage)
             ... on level 5 of the Dungeon.
             The game lasted 00:07:37 (5148 turns).

Descartes the Charlatan (Octopode Wanderer)         Turns: 5148, Time: 00:07:37

Health: -1/41      AC:  1    Str: 12    XL:     7   Next: 99%
Magic:  7/7        EV: 14    Int: 13    God:    Gozag
Gold:   272        SH:  0    Dex: 14    Spells: 5/6 levels left

rFire   . . .      SeeInvis .   q - +3 dagger of the Shore {elec, Stlth+}
rCold   . . .      Faith    .   (no shield)
rNeg    . . .      Spirit   .   c - +0 hat
rPois   .          Reflect  .   (no amulet)
rElec   .          Harm     .   (no ring)
rCorr   .          Rampage  .   (no ring)
Will    .....                   (no ring)
Stlth   +++++.....              (no ring)
HPRegen 0.13/turn               (no ring)
MPRegen 0.10/turn               (no ring)
                                (no ring)
                                (no ring)

@: lethally poisoned (-1 -> -16)
A: almost no armour, amphibious, 8 rings, camouflage 1, gelatinous body 1,
(nimble swimmer 1), tentacles
a: Renounce Religion, Potion Petition, Call Merchant, Bribe Branch


You were on level 5 of the Dungeon.
You worshipped Gozag.
Gozag was aware of your devotion.
You visited 2 branches of the dungeon, and saw 6 of its levels.

You collected 317 gold pieces.
You paid 45 gold pieces to Gozag.

Inventory:

Hand Weapons
 a - a +0 short sword
 j - the +6 mace "Owogeot" {freeze, Int+3 SInv Stlth-}
   (You found it on level 2 of the Dungeon)

   It freezes those it strikes, dealing additional cold damage.
   It can also slow down cold-blooded creatures.
   Int:       It affects your intelligence (+3).
   SInv:      It lets you see invisible.
   Stlth:     It makes you less stealthy.
 q - the +3 dagger of the Shore (weapon) {elec, Stlth+}
   (You found it on level 3 of the Dungeon)

   It occasionally discharges a powerful burst of electricity upon striking a
   foe.
   Stlth:     It makes you more stealthy.
Missiles
 e - 208 stones
 l - 3 javelins
 p - 2 throwing nets
 u - 6 poisoned darts
Armour
 c - a +0 hat (worn)
Jewellery
 w - a ring of flight
 x - an amulet of reflection
 B - a +6 ring of intelligence
Wands
 b - a wand of flame (12) (quivered)
Scrolls
 d - a scroll of acquirement {unknown}
 g - a scroll of immolation {unknown}
 h - 2 scrolls of identify {unknown}
 k - 2 scrolls of fear {unknown}
 m - 3 scrolls of teleportation {unknown}
 n - 2 scrolls of enchant weapon {unknown}
 t - a scroll of noise {unknown}
 v - a scroll of brand weapon {unknown}
 y - a scroll of summoning {unknown}
 z - a scroll of holy word {unknown}
 A - a scroll of fog {unknown}
 C - a scroll of magic mapping {unknown}
Potions
 f - 2 potions of brilliance {unknown}
 i - 3 potions of curing {unknown}
 o - a potion of might {unknown}
 r - 2 potions of haste {unknown}
 s - a potion of mutation {unknown}


   Skills:
 + Level 4.4(4.5) Short Blades
 - Level 1.0(3.0) Long Blades
 + Level 3.7 Dodging
 + Level 6.6 Stealth
 - Level 3.0 Conjurations
 + Level 7.0 Evocations


You had 5 spell levels left.
You knew the following spells:

 Your Spells              Type           Power      Damage    Failure   Level
a - Magic Dart            Conj           28%        1d4       9%          1

Your spell library contained the following spells:

 Spells                   Type           Power      Damage    Failure   Level
 Searing Ray              Conj           14%        2d5       14%         2
 Ozocubu's Armour         Ice            0%         N/A       67%         3
 Fulminant Prism          Conj/Hex       1%         3d6       86%         4
 Olgreb's Toxic Radiance  Pois           0%         N/A       97%         4
 Ozocubu's Refrigeration  Ice            0%         4d5       100%        7
 Ignition                 Fire           0%         3d3       100%        8


Dungeon Overview and Level Annotations

Branches:
Dungeon (5/15)             Temple (1/1) D:4

Altars:
Ashenzari
Cheibriados
Dithmenos
Elyvilon
Fedhas
Gozag
Hepliaklqana
Kikubaaqudgha
Makhleb
Nemelex Xobeh
Okawaru
Qazlal
Ru
Sif Muna
Trog
Uskayaw
Vehumet
Wu Jian
Xom
Yredelemnul
The Shining One

Annotations:
D:5 Dowan, Duvessa, Eustachio


Innate Abilities, Weirdness & Mutations

You cannot wear most types of armour.
You are amphibious.
You can wear up to eight rings at the same time.
Your skin changes colour to match your surroundings (Stealth+).
Your rubbery body absorbs attacks. (AC +1, EV +1)
((You are camouflaged when in or above water. (Stealth+)))
You have tentacles for arms and can constrict up to eight enemies at once.


Message History

Duvessa is wielding a +1 short sword of venom.
Duvessa says, "Beauty is only skin deep, and my weapons penetrate much further than that."
Duvessa hits you with a +1 short sword of venom!
You are poisoned.
You hit Duvessa but do no damage. Your grab misses Duvessa.
You squeeze Duvessa!
Duvessa is lightly wounded.
You feel sick.
Duvessa hits you with a +1 short sword of venom.
You barely miss Duvessa. Your grab misses Duvessa.
Duvessa is lightly wounded.
You feel sick.
Duvessa hits you with a +1 short sword of venom!
You are lethally poisoned!
You are too injured to fight recklessly!
You are too injured to fight recklessly!
You are too injured to fight recklessly!
You are too injured to fight recklessly!
You are too injured to fight recklessly!
You are too injured to fight recklessly!
You are too injured to fight recklessly!
You are too injured to fight recklessly!
You are too injured to fight recklessly!
You are too injured to fight recklessly!
You are too injured to fight recklessly!
You are too injured to fight recklessly!
You are too injured to fight recklessly!
You are too injured to fight recklessly!
You hit Duvessa. Lightning courses through Duvessa! Your grab misses Duvessa.
Duvessa is severely wounded.
* * * LOW HITPOINT WARNING * * *
You feel very sick.
You closely miss Duvessa. You grab Duvessa. You squeeze Duvessa!
Duvessa is almost dead.
You constrict Duvessa, but do no damage.
* * * LOW HITPOINT WARNING * * *
You feel very sick.
Duvessa hits you with a +1 short sword of venom!
You die...
Your body crumbles into a pile of gold.

## ################ ...
............... ....
#>.............
.....##.#####.#######
............#.#
..########.###.#.#
...e..e@.....#.#.#######
...#######..............
###.#.#.####### #.#.#.#
$ #.#.#.# ## #.#.# #.
#.#.# #. ..#.#
###.######+


You could see Duvessa and Dowan (asleep).

Vanquished Creatures
  A water moccasin (D:5)
  A centaur (D:5)
  2 ogres (D:5)
  A wyvern zombie (D:5)
  A scorpion (D:4)
  A hound (D:4)
  A bullfrog skeleton (D:5)
  2 orc priests (D:4)
  A centaur skeleton (D:5)
  4 iguanas
  4 adders
  3 worms
  3 dart slugs
  3 orcs (D:3)
  4 ball pythons
  6 endoplasms
  4 giant cockroaches
  5 goblins
  8 hobgoblins
  4 jackals
  6 kobolds
  5 quokkas
  2 bats
  4 frilled lizards
  3 rats
79 creatures vanquished.

Notes
Turn   | Place    | Note
-------+----------+-------------------------------------------
     0 | D:1      | Descartes the Octopode Wanderer began the quest for the
                  | Orb.
     0 | D:1      | Descartes set off with the following items: a +0 short
                  | sword, a wand of flame (12), a +0 hat
     0 | D:1      | Reached XP level 1. HP: 11/11 MP: 1/1
   363 | D:1      | Reached skill level 1 in Dodging
   363 | D:1      | Reached XP level 2. HP: 17/17 MP: 2/2
   633 | D:1      | Learned a level 1 spell: Magic Dart
   791 | D:1      | You fall into a shaft and drop 1 floor!
   806 | D:2      | Reached XP level 3. HP: 9/21 MP: 3/3
   807 | D:2      | Identified the +6 mace "Owogeot" {freeze, Int+3 SInv
                  | Stlth-}
  1560 | D:2      | Found a burning altar of Makhleb.
  1629 | D:2      | Found a faded altar of an unknown god.
  1833 | D:1      | Reached skill level 1 in Conjurations
  1999 | D:3      | Reached XP level 4. HP: 23/27 MP: 4/4
  2219 | D:3      | Identified the +3 dagger of the Shore {elec, Stlth+}
  2223 | D:3      | Reached skill level 1 in Long Blades
  2938 | D:4      | Reached XP level 5. HP: 31/31 MP: 5/5
  2978 | D:4      | Reached skill level 6 in Evocations
  3701 | D:4      | Reached skill level 5 in Stealth
  3701 | D:4      | Reached XP level 6. HP: 36/36 MP: 6/6
  3884 | D:4      | Found a staircase to the Ecumenical Temple.
  3899 | Temple   | Entered the Ecumenical Temple
  4193 | Temple   | Became a worshipper of Gozag Ym Sagoz the Greedy
  4404 | D:5      | Entered Level 5 of the Dungeon
  4420 | D:5      | Noticed a water moccasin
  4427 | D:5      | Killed a water moccasin
  4442 | D:5      | Reached XP level 7. HP: 38/41 MP: 7/7
  4919 | D:5      | Noticed Eustachio
  5083 | D:5      | Reached skill level 7 in Evocations
  5141 | D:5      | Noticed Duvessa
  5141 | D:5      | Noticed Dowan
  5148 | D:5      | Slain by Duvessa

Illustrated notes

Levels and vault maps discovered:
D:1:      wheals_arrival_shading, layout_rooms
D:2:      kennysheep_six_static_rooms, layout_rooms, basic_altar,
          ebering_ecumenical_altar_abandoned
D:3:      layout_loops_corners
D:4:      layout_basic, minmay_temple_entry_proselytizer,
          minmay_misc_feat_ornament
D:5:      layout_basic, uniq_eustachio, uniq_duvessa
Temple:   regret_index_temple_sigil_plot

Skill      XL: |  1  2  3  4  5  6  7 |
---------------+----------------------+-----
Dodging        | 1 2 3 |  3.7
Conjurations   | 1 2 3 |  3.0
Long Blades    | 1 |  1.0
Short Blades   | 3 4 |  4.4
Evocations     | 6 7 |  7.0
Stealth        | 5 6 |  6.6

Action                   |  1- 3 |  4- 6 |  7- 9 || total
-------------------------+-------+-------+-------++-------
Melee: Short sword       |    34 |       |       ||    34
       Constrict         |    10 |    10 |     2 ||    22
       Tentacles         |    10 |     8 |     6 ||    24
       Punch             |     1 |     1 |       ||     2
       Mace              |    19 |     7 |       ||    26
       Dagger            |       |    56 |    27 ||    83
 Stab: Sleeping          |     8 |    12 |     5 ||    25
       Distracted        |       |       |     1 ||     1
Armor: Skin              |     5 |     2 |     1 ||     8
Dodge: Dodged            |    29 |    36 |     8 ||    73
